 Dungeon Crawl Stone Soup version 0.22-a0-445-g8c8ef71 (webtiles) character file.

56 Atlas the Grave Robber (level 3, -2/24 HPs)
             Began as a Mummy Necromancer on June 3, 2018.
             Slain by an adder (3 damage)
             ... on level 2 of the Dungeon.
             The game lasted 00:05:09 (2109 turns).

Atlas the Grave Robber (Mummy Necromancer)          Turns: 2109, Time: 00:05:09

Health: -2/24      AC:  3    Str: 11    XL:     3   Next: 71%
Magic:  2/8        EV: 11    Int: 15    God:
Gold:   76         SH:  0    Dex: 12    Spells: 9/10 levels left

rFire    x . .     SeeInvis .   j - +0 mace (drain)
rCold    + . .     Gourm    .   (no shield)
rNeg     + + +     Faith    .   g - +0 leather armour
rPois    ∞         Spirit   .   (no helmet)
rElec    .         Reflect  .   b - scarf {cloud immunity}
rCorr    .         Harm     .   (no gloves)
MR       +....                  (no boots)
Stlth    +.........             (no amulet)
HPRegen  0.08/turn              e - ring of flight
MPRegen  0.11/turn              i - ring of protection from magic (curse)

@: very slightly contaminated
A: no food or potions, fire vulnerability, cold resistance 1, negative energy
resistance 3, torment resistance, unbreathing
a: Evoke Flight


You were on level 2 of the Dungeon.
You were not hungry.

You visited 1 branch of the dungeon, and saw 2 of its levels.

You collected 76 gold pieces.

Inventory:

Hand Weapons
 j - a +0 mace of draining (weapon)
Armour
 b - a scarf of cloud immunity (worn)
 g - a +0 leather armour (worn)
Jewellery
 e - a ring of flight (left hand)
 i - a cursed ring of protection from magic (right hand)
Wands
 h - a wand of flame (20)
Scrolls
 a - a scroll of immolation {unknown}
 c - 5 scrolls of identify {unknown}
 d - a scroll of enchant armour {unknown}
 f - a scroll of remove curse {unknown}


   Skills:
 + Level 1.6 Dodging
 - Level 1.5 Stealth
 + Level 4.2 Spellcasting
 + Level 4.6 Necromancy


You had 9 spell levels left.
You knew the following spells:

 Your Spells              Type           Power        Failure   Level  Hunger
a - Pain                  Necr           ###.         3%          1    N/A

Your spell library contained the following spells:

 Spells                   Type           Power        Failure   Level  Hunger
 Animate Dead             Necr           N/A          34%         4    N/A
 Animate Skeleton         Necr           N/A          3%          1    N/A
 Vampiric Draining        Necr           ###.......   11%         3    N/A
 Regeneration             Chrm/Necr      ##........   26%         3    N/A

Dungeon Overview and Level Annotations

Branches:
Dungeon (2/15)

Altars:
Fedhas


Innate Abilities, Weirdness & Mutations

You do not eat or drink.
Your flesh is vulnerable to fire.
You are immune to poison.
Your flesh is cold resistant. (rC+)
You are immune to negative energy. (rN+++)
You are immune to unholy pain and torment.
You can survive without breathing.


Message History

Confirm with . or Enter, or press ? or * to list all spells.
Aiming: Pain (safe; 3% risk of failure)
Press: ? - help, Shift-Dir - straight line, f/p - adder
Aim: an adder (chance to defeat MR: 82%)
The adder writhes in agony!
The adder bites you.
* * * LOW HITPOINT WARNING * * *
Casting: Pain (safe; 3% risk of failure)
Confirm with . or Enter, or press ? or * to list all spells.
Aiming: Pain (safe; 3% risk of failure)
Press: ? - help, Shift-Dir - straight line, f/p - adder
Aim: an adder (moderately wounded, chance to defeat MR: 82%)
The adder writhes in agony!
The adder bites you but does no damage. The adder closely misses you.
Casting: Pain (safe; 3% risk of failure)
Confirm with . or Enter, or press ? or * to list all spells.
Aiming: Pain (safe; 3% risk of failure)
Press: ? - help, Shift-Dir - straight line, f/p - adder
Aim: an adder (severely wounded, chance to defeat MR: 82%)
The adder barely resists.
The adder bites you.
You die...

### #######.............†...
..# #............####.......
..## #............# #.####).
...# #............# # #..
...# #............# ##. ##.#
#........##### #. #.#
#........# ## ##.# #........#
# ...# #######@## #
############## #S#########+##
.............###l##..........
.......#####.#..w.'..........
######.# #.#....#...w......
#....#<# #.#....#..........
#.##.#.# #.#....#..........
#.<#.#.# #.#....#.....(....
#..#.#.# ##'#....#..........


You could see a worm, an adder and a leopard gecko.

Vanquished Creatures
  2 adders (D:2)
  A dart slug (D:1)
  2 giant cockroaches (D:1)
  4 goblins (D:1)
  6 hobgoblins (D:1)
  10 kobolds
  3 bats (D:1)
  3 frilled lizards
  4 rats
35 creatures vanquished.

Notes
Turn   | Place    | Note
-------+----------+-------------------------------------------
     0 | D:1      | Atlas the Mummy Necromancer began the quest for the Orb.
     0 | D:1      | Reached XP level 1. HP: 13/13 MP: 4/4
   438 | D:1      | Reached XP level 2. HP: 19/19 MP: 0/5
  1137 | D:1      | Reached XP level 3. HP: 23/24 MP: 1/7
  1906 | D:2      | Found a blossoming altar of Fedhas.
  2107 | D:2      | HP: 1/24 [adder (3)]
  2109 | D:2      | Slain by an adder

Vault maps used:
D:1:      dpeg_arrival_yet_another_circle, minmay_small_reverse_x
D:2:      nicolae_overflow_crystal_walls, uniq_terence

Skill      XL: |  1  2  3 |
---------------+----------+-----
Spellcasting   | 3 4 |  4.2
Dodging        | |  1.6
Stealth        | |  1.5
Necromancy     | |  4.6

Action                   || total
-------------------------++-------
Melee: Unarmed           ||    19
       Mace              ||     4
 Cast: Pain              ||    71
Armor: Robe              ||     9
       Leather armour    ||     1
Dodge: Dodged            ||    33

Table legend:
 A = Spawn XP
 B = Non-spawn XP
 C = Spawn XP percentage of total XP
 D = Spawn monster count
 E = Non-spawn monster count
 F = Spawn count percentage of total count
 G = Total turns spent on level
                    A         B        C        D         E        F      G
               +---------+---------+-------+---------+---------+-------+---------
         Total |       0 |      81 |   0.0 |       0 |      35 |   0.0 |  2109
               +---------+---------+-------+---------+---------+-------+---------
           D:1 |       0 |      48 |   0.0 |       0 |      27 |   0.0 |  1490
           D:2 |       0 |      33 |   0.0 |       0 |       8 |   0.0 |   619
               +---------+---------+-------+---------+---------+-------+---------
